 Dungeon Crawl Stone Soup version 0.15.0-12-gccce430 (console) character file.

2570 gw the Basher (level 9, -10/81 HPs)
             Began as a Minotaur Berserker on Sept 2, 2014.
             Was a Priest of Trog.
             Mangled by a two-headed ogre
             ... wielding a +0 dire flail
             ... summoned by the player character
              (29 damage)
             ... on Level 8 of the Dungeon.
             The game lasted 00:03:27 (9220 turns).

gw the Basher (Minotaur Berserker)                  Turns: 9220, Time: 00:03:27

HP -10/81        AC 13     Str 21      XL: 9   Next: 32%
MP   4/4         EV  6     Int  4      God: Trog [***...]
Gold 0           SH  0     Dex 14      Spells:  0 memorised,  8 levels left

rFire  . . .     SeeInvis .     a - +2 mace
rCold  . . .     Clarity  +     n - +0 plate armour
rNeg   . . .     rCorr    .     (no shield)
rPois  .         rRot     .     (helmet restricted)
rElec  .         Spirit   .     (no cloak)
SustAb .         Warding  .     (no gloves)
rMut   .         Stasis   .     (no boots)
Gourm  .                        s - amulet of clarity
MR     ++...                    (no ring)
                                (no ring)

@: regenerating, very resistant to hostile enchantments, extremely unstealthy
A: retaliatory headbutt, horns 2, sense surroundings 1
a: Burn Spellbooks, Berserk, Trog's Hand, Renounce Religion


You were on level 8 of the Dungeon.
You worshipped Trog.
Trog was most pleased with you.
You were very hungry.

You visited 1 branch of the dungeon, and saw 8 of its levels.

Inventory:

Hand weapons
 a - a +2 mace (weapon)
Missiles
 d - 248 stones (quivered)
 m - 7 tomahawks
Armour
 n - a +0 plate armour (worn)
Magical devices
 p - a wand of fireball (4)
 r - a wand of draining (4)
 t - a wand of slowing (11)
Comestibles
 c - 4 bread rations
 h - 3 beef jerkies
 j - 2 meat rations
 l - 4 fruits
 u - a royal jelly
Scrolls
 b - 8 scrolls of remove curse
 f - 7 scrolls of identify
 k - a scroll of amnesia
Jewellery
 s - an amulet of clarity (around neck)
Potions
 e - a potion of restore abilities
 i - 2 potions of curing
 o - a potion of confusion
 q - a potion of berserk rage {unknown}


   Skills:
 + Level 7.8 Fighting
 * Level 10.5 Maces & Flails
 + Level 5.1 Throwing
 + Level 7.0 Armour
 - Level 2.1 Dodging


You had 8 spell levels left.
You didn't know any spells.

Dungeon Overview and Level Annotations

Branches:
Dungeon (8/15)             Temple (0/1) D:6
   Lair: D:8-11

Altars:
Ashenzari
Elyvilon
Fedhas
Nemelex Xobeh
Vehumet
Xom
Yredelemnul
Zin


Innate Abilities, Weirdness & Mutations

You reflexively headbutt those who attack you in melee.
You have a pair of horns on your head.
You passively map a small area around you.


Message History

You feel much better. The two-headed ogre barely misses you.
The two-headed ogre hits you but does no damage. x2
The two-headed ogre hits you with a giant club.
FLEEEEING!
ATTACKING (1,0)
You sock the two-headed ogre! You headbutt the two-headed ogre.
The two-headed ogre is heavily wounded.
The two-headed ogre hits you with a dire flail!
The two-headed ogre barely misses you.
FLEEEEING!
ATTACKING (1,0)
You barely miss the two-headed ogre. You headbutt the two-headed ogre!
The two-headed ogre is severely wounded.
FLEEEEING!
ATTACKING (1,0)
You hit the two-headed ogre.
The two-headed ogre is almost dead.
The two-headed ogre hits you with a dire flail!
The two-headed ogre hits you with a giant club!!
You die...

#.#.###.## , #.#.# #.#
, * , #.#.# #.# * , ,
* #.#.# #.# * * ##>#.#
#.##### ##...[#
#.##...
##.#.#.###.#...#
#.#####.##.#..##...#<.
#....HOS.....#)......#
#######.##..........##
##.#.#.##.......
##...####<#.### ##.##
#..... #.# #.###(# #.#
#.# *. #.# #.#** #.#*
.


You could see a two-headed ogre (berserk) and an adder.

Table legend:
 A = Turns spent in this place as a percentage of turns spent in the entire game.
 B = Non-inter-level travel turns spent in this place as a percentage of non-inter-level travel turns spent in the entire game.
 C = Inter-level travel turns spent in this place as a percentage of turns spent in this place.
 D = Turns resting spent in this place as a percentage of non-inter-level travel turns spent in this place.
 E = Turns spent auto-exploring this place as a percentage of non-inter-level travel turns spent in this place.
 F = Non-inter-level travel turns spent in this place divided by the number of levels of this place that you've seen.
                   A       B       C       D       E      F
               +-------+-------+-------+-------+-------+----------------------
         Total | 100.0 | 100.0 |   1.0 |   8.7 |  20.2 | 215.0
       Dungeon | 100.0 | 100.0 |   1.0 |   8.7 |  20.2 | 215.0
               +-------+-------+-------+-------+-------+----------------------

Table legend:
 A = Kills in this place as a percentage of kills in entire the game.
 B = Kills by you in this place as a percentage of kills by you in the entire game.
 C = Kills by friends in this place as a percentage of kills by friends in the entire game.
 D = Other kills in this place as a percentage of other kills in the entire game.
 E = Experience gained in this place as a percentage of experience gained in the entire game.
 F = Experience gained in this place divided by the number of levels of this place that you have seen.
                   A       B       C       D       E      F
               +-------+-------+-------+-------+-------+----------------------
         Total | 100.0 | 100.0 | 100.0 |  -nan | 100.0 | 459.0
       Dungeon | 100.0 | 100.0 | 100.0 |  -nan | 100.0 | 459.0
               +-------+-------+-------+-------+-------+----------------------

Vanquished Creatures
  Eustachio (D:5)
  A phantom (D:6)
  A black bear (D:7)
  2 ogres (D:7)
  2 centaurs
  A big kobold (D:4)
  A scorpion (D:6)
  A yak zombie (D:7)
  7 wights
  A crimson imp (D:7)
  3 goliath beetles
  3 hounds (D:6)
  2 jellies
  A giant frog zombie (D:6)
  5 iguanas
  2 orc wizards
  An orc priest (D:7)
  9 worker ants
  A hound skeleton (D:6)
  4 gnolls (D:2)
  7 adders
  An orc zombie (D:7)
  2 shadow imps
  3 worms
  An adder zombie (D:6)
  3 giant geckos
  An ooze (D:4)
  11 orcs
  A ball python (D:2)
  12 bats
  5 giant cockroaches
  14 hobgoblins
  7 jackals
  39 kobolds
  A giant gecko zombie (D:5)
  7 giant newts
  12 goblins
  A goblin zombie (D:4)
  A hobgoblin skeleton (D:5)
  A hobgoblin zombie (D:5)
  An orc skeleton (D:7)
  3 quokkas
  2 quokka zombies
  6 rats
191 creatures vanquished.

Vanquished Creatures (collateral kills)
  Erolcha (D:8)
  2 giant frogs (D:6)
  A kobold (D:8)
4 creatures vanquished.

Vanquished Creatures (others)
  A giant spore (D:6)
1 creature vanquished.

Grand Total: 196 creatures vanquished

Notes
Turn   | Place    | Note
--------------------------------------------------------------
     0 | D:1      | gw, the Minotaur Berserker, began the quest for the Orb.
     0 | D:1      | Reached XP level 1. HP: 19/19 MP: 1/1
   415 | D:1      | Reached XP level 2. HP: 21/27 MP: 1/1
   440 | D:1      | Reached skill level 4 in Maces & Flails
  1067 | D:2      | Found a radiant altar of Vehumet.
  1235 | D:2      | Reached XP level 3. HP: 33/33 MP: 2/2
  1346 | D:2      | Acquired Trog's second power
  1640 | D:2      | Reached skill level 1 in Throwing
  1640 | D:2      | Reached XP level 4. HP: 40/40 MP: 2/2
  1646 | D:2      | Reached skill level 5 in Maces & Flails
  1969 | D:3      | Found a sparkling altar of Nemelex Xobeh.
  1988 | D:3      | Found a shattered altar of Ashenzari.
  2218 | D:3      | Found a white marble altar of Elyvilon.
  2455 | D:3      | Found a glowing silver altar of Zin.
  2922 | D:3      | Gained mutation: You passively map a small area around you. [potion of beneficial mutation]
  3030 | D:4      | Reached XP level 5. HP: 41/47 MP: 2/2
  3185 | D:4      | Reached skill level 6 in Maces & Flails
  3185 | D:4      | Reached XP level 6. HP: 55/55 MP: 3/3
  3256 | D:4      | Found a blossoming altar of Fedhas.
  3305 | D:4      | Reached skill level 5 in Fighting
  3843 | D:4      | Noticed a big kobold
  3858 | D:4      | Killed a big kobold
  4284 | D:4      | Reached XP level 7. HP: 59/61 MP: 3/3
  4584 | D:5      | Entered Level 5 of the Dungeon
  4736 | D:5      | Found a shimmering altar of Xom.
  4812 | D:5      | Found a basalt altar of Yredelemnul.
  4845 | D:5      | Noticed Eustachio
  4852 | D:5      | Killed Eustachio
  4852 | D:5      | Reached skill level 7 in Maces & Flails
  5144 | D:5      | Acquired Trog's third power
  5417 | D:5      | Reached skill level 5 in Armour
  6226 | D:6      | Reached skill level 8 in Maces & Flails
  6259 | D:6      | Reached XP level 8. HP: 66/70 MP: 3/3
  7279 | D:6      | Found a staircase to the Ecumenical Temple.
  7619 | D:7      | Reached skill level 9 in Maces & Flails
  8588 | D:7      | Reached XP level 9. HP: 63/79 MP: 4/4
  8944 | D:7      | Reached skill level 10 in Maces & Flails
  9189 | D:8      | Noticed Erolcha
  9201 | D:8      | Killed Erolcha
  9201 | D:8      | Reached skill level 5 in Throwing
  9220 | D:8      | Mangled by a two-headed ogre

Action                   |  1- 3 |  4- 6 |  7- 9 || total
-------------------------+-------+-------+-------++-------
Melee: Mace              |    51 |   136 |   263 ||   450
Throw: Stone             |    68 |    90 |   183 ||   341
Invok: Berserk           |     2 |     2 |     9 ||    13
       Trog's Hand       |     1 |     3 |     6 ||    10
       Brothers in Arms  |       |       |     2 ||     2
Evoke: Wand              |       |       |     3 ||     3
  Use: Scroll            |     2 |     6 |     5 ||    13
       Potion            |     1 |     3 |     7 ||    11
  Eat: Chunk             |     3 |     8 |    20 ||    31
       Bread ration      |       |     1 |     1 ||     2

Vault maps used:
D:1:      shiori_arrival_oz, minmay_misc_feat_diagonals
D:2:      old_standard_altar, minmay_misc_feat_tiny, minmay_misc_feat_five
D:3:      cheibrodos_ashenzari_chains, old_standard_altar,
          lemuel_coloured_pillars_altar, nemelex_deck
D:4:      kennysheep_kobold_camp, overflow_temple_1_default, enter_ossuary_4,
          first_bread
D:5:      lemuel_crystal_altar, basic_altar, st_stairs_12,
          kennysheep_generic_room_4, uniq_eustachio
D:6:      minmay_temple_entry_mist, st_stairs_7
D:7:      st_stairs_8
D:8:      lightli_temple_of_fire, lemuel_crystal_altar, uniq_erolcha
